 Dungeon Crawl Stone Soup version 0.29-a0-23-ga79f92ac9c (webtiles) character file.

Game seed: 1222417233248420700

134 HallandMoats the Skirmisher (level 5, -3/46 HPs)
             Began as a Ghoul Monk on Jan 30, 2022.
             Slain by an orc (7 damage)
             ... on level 3 of the Dungeon.
             The game lasted 00:02:02 (1868 turns).

HallandMoats the Skirmisher (Ghoul Monk)            Turns: 1868, Time: 00:02:03

Health: -3/46      AC:  7    Str: 17    XL:     5   Next: 17%
Magic:  5/5        EV: 11    Int:  5    God:
Gold:   73         SH:  0    Dex: 11    Spells: 4/4 levels left

rFire   . . .      SeeInvis .     - Unarmed
rCold   + . .      Faith    .   (no shield)
rNeg    + + +      Spirit   .   c - +2 ring mail {Will+}
rPois   ∞          Reflect  .   (no helmet)
rElec   .          Harm     .   (no cloak)
rCorr   .          Rampage  .   (no gloves)
Will    +....                   (no boots)
Stlth   +.........              (no amulet)
HPRegen 0.00/turn               (no ring)
MPRegen 0.09/turn               (no ring)

@: inhibited regen
A: claws 1, cold resistance 1, negative energy resistance 3, inhibited
regeneration, torment resistance 2
a: no special abilities


You were on level 3 of the Dungeon.
You visited 1 branch of the dungeon, and saw 3 of its levels.

You collected 73 gold pieces.

Inventory:

Armour
 c - a +2 ring mail of willpower (worn)
Scrolls
 b - 2 scrolls of magic mapping {unknown}
 d - a scroll of blinking {unknown}
 e - a scroll of enchant armour {unknown}
 f - a scroll of identify {unknown}
Potions
 a - 2 potions of lignification {unknown}
 g - 2 potions of haste {unknown}


   Skills:
 + Level 4.0 Fighting
 + Level 1.6 Armour
 + Level 3.3 Dodging
 - Level 2.1 Stealth
 + Level 4.0 Unarmed Combat
 + Level 2.0 Invocations


You had 4 spell levels left.
You didn't know any spells.
Your spell library was empty.

Dungeon Overview and Level Annotations

Branches:
Dungeon (3/15)

Altars:

Shops:
D:2 !**


Innate Abilities, Weirdness & Mutations

You thrive by killing the living.
You are immune to poison.
You have sharp fingernails.
Your flesh is cold resistant. (rC+)
You are immune to negative energy. (rN+++)
You do not regenerate when monsters are visible.
You are immune to unholy pain and torment.


Message History

You completely miss something. Something hits you.
The orc hits you from afar with a +0 trident!
You barely miss something. Something hits you but does no damage.
The orc misses you.
You closely miss something. Something hits you.
The orc hits you from afar with a +0 trident!
You miss something. Something hits you but does no damage.
The orc closely misses you.
You claw something! Something hits you.
The orc hits you from afar with a +0 trident.
You closely miss something. Something hits you but does no damage.
The orc barely misses you.
You scratch something. Something hits you.
The orc hits you from afar with a +0 trident.
You barely miss something.
You hear some strange, mumbled words.
A puff of flame appears from out of thin air!
The puff of flame misses you. The orc barely misses you.
You miss something.
You hear some strange, mumbled words.
A magic dart appears from out of thin air!
The magic dart hits you.
* * * LOW HITPOINT WARNING * * *
You scratch something but do no damage. The orc hits you but does no damage.
You closely miss something. Something hits you but does no damage.
The orc hits you from afar with a +0 trident.
* * * LOW HITPOINT WARNING * * *
You barely miss something.
The orc shouts!
Something hits you.
* * * LOW HITPOINT WARNING * * *
The orc hits you from afar with a +0 trident.
* * * LOW HITPOINT WARNING * * *
You completely miss something. Something hits you but does no damage.
The orc barely misses you.
You claw something!
You feel better.
Reactivating autopickup.
You feel a bit more experienced.
The orc hits you from afar with a +0 trident!
You die...

### #.. ##.##
######...########
............o.o.#
###..oo#.####.#
#.#)##.# #†#@##.#
#...##.# ##..##..
#..#### #..# #..#
#..# #..# #..###
.


You could see 2 orcs.

Vanquished Creatures
  Natasha (D:2)
  An orc wizard (D:3)
  6 adders
  A dart slug (D:2)
  An orc (D:3)
  3 ball pythons
  5 bats
  An endoplasm (D:1)
  A giant cockroach (D:2)
  2 goblins
  9 hobgoblins
  2 jackals (D:2)
  9 kobolds
  3 quokkas
  4 rats
49 creatures vanquished.

Notes
Turn   | Place    | Note
-------+----------+-------------------------------------------
     0 | D:1      | HallandMoats the Ghoul Monk began the quest for the Orb.
     0 | D:1      | Reached XP level 1. HP: 19/19 MP: 0/0
   269 | D:1      | Reached XP level 2. HP: 12/26 MP: 1/1
   745 | D:1      | Reached skill level 1 in Invocations
   898 | D:2      | Reached XP level 3. HP: 30/31 MP: 2/2
   951 | D:2      | Found Ciecywis's Assorted Antiques.
  1005 | D:2      | Identified the +0 robe of Awe {Int+3 Dex+4}
  1011 | D:2      | Reached skill level 1 in Armour
  1141 | D:2      | Found Judesic's General Store.
  1153 | D:2      | Reached XP level 4. HP: 40/40 MP: 4/4
  1333 | D:2      | Noticed Natasha
  1339 | D:2      | Killed Natasha
  1604 | D:2      | Reached XP level 5. HP: 46/46 MP: 5/5
  1670 | D:2      | Found Eseown's Distillery.
  1866 | D:3      | HP: 2/46 [orc (1)]
  1868 | D:3      | Slain by an orc

Illustrated notes

Levels and vault maps discovered:
D:1:      dpeg_arrival_snail, layout_rooms
D:2:      layout_basic, serial_shops, nicolae_shop_waterfront,
          nicolae_shop_stone, nicolae_shop_temple_entry_statues_fountains,
          uniq_natasha
D:3:      layout_loops_ring, grunt_ministairs_14

Skill      XL: |  1  2  3  4 |
---------------+-------------+-----
Invocations    | 1 2 |  2.0
Dodging        | 3 |  3.3
Armour         | 1 |  1.6
Fighting       | 4 |  4.0
Unarmed Combat | 4 |  4.0
Stealth        | |  2.1

Action                   |  1- 3 |  4- 6 || total
-------------------------+-------+-------++-------
Melee: Unarmed           |    79 |    93 ||   172
       Punch             |     3 |     2 ||     5
 Stab: Sleeping          |     2 |       ||     2
Armor: Robe              |     5 |       ||     5
       Ring mail         |    21 |    42 ||    63
Dodge: Dodged            |    45 |    58 ||   103

Table legend: (Time is in decaauts)
 A = Elapsed time spent in this place.
 B = Non-inter-level travel time spent in this place.
 C = Inter-level travel time spent in this place.
 D = Time resting spent in this place.
 E = Time spent auto-exploring this place.
 F = Levels seen in this place.
 G = Mean time per level.
                   A        B        C        D        E       F      G
               +--------+--------+--------+--------+--------+-----+--------+
         Total |   1856 |   1783 |     73 |      0 |   1414 |   3 |  618.7 |
       Dungeon |   1856 |   1783 |     73 |      0 |   1414 |   3 |  618.7 |
               +--------+--------+--------+--------+--------+-----+--------+

Top non-repeatable levels by time:
     D:1: 886 daAuts
     D:2: 810 daAuts
     D:3: 158 daAuts
